 Dungeon Crawl Stone Soup version 0.27-a0-1137-g3ef0f4ec91 (webtiles) character file.

Game seed: 10393318513412793172

189866 Anon1729 the Severer (level 17, -5/210 HPs)
             Began as a Demonspawn Berserker on May 6, 2021.
             Was the Champion of Trog.
             Shot with an arrow by a deep elf master archer (27 damage)
             ... on level 3 of the Elven Halls.
             The game lasted 01:00:51 (45324 turns).

Anon1729 the Severer (Demonspawn Berserker)        Turns: 45324, Time: 01:00:51

Health: -5/210     AC: 32    Str: 24    XL:     17   Next: 96%
Magic:  17/17      EV: 15    Int: 18    God:    Trog [******]
Gold:   622        SH:  9    Dex: 16    Spells: 16/16 levels left

rFire    + + +     SeeInvis .   p - +10 executioner's axe "Demonspawn's Peril" {flame, rElec Stlth+}
rCold    + . .     Faith    .   (shield currently unavailable)
rNeg     + + .     Spirit   .   t - +8 chain mail of Hinkeum {rF++ rN++ Will+}
rPois    +         Reflect  +   q - +0 helmet
rElec    +         Harm     .   s - scarf {shadows}
rCorr    +         Rampage  .   e - +2 pair of gloves {archery}
Will     +++++                  m - +1 pair of boots of Ratamnan {+Inv rPois rC+ Stlth-}
Stlth    ..........             F - amulet "Rojyas" {Reflect rF+ Dex+4 SH+5}
HPRegen  0.45/turn              r - ring "Teinwaa" {Fly Will+ rCorr Int+2 Stlth+}
MPRegen  0.15/turn              n - ring of Maemivim {Drain +Blink rPois Will++ Int+6}

@: berserking, flying, studying 2 skills, very quick
A: talons 2, thin metallic scales 3, foul stench 2, condensation shield,
screaming 1
a: Renounce Religion, Evoke Blink, Evoke Invisibility, Berserk, Trog's Hand,
Brothers in Arms


You were on level 3 of the Elven Halls.
You worshipped Trog.
Trog was exalted by your worship.
You visited 4 branches of the dungeon, and saw 26 of its levels.
You also visited: Sewer, Ice Cave and Desolation.

You collected 3184 gold pieces.
You spent 2562 gold pieces at shops.

Inventory:

Hand Weapons
 p - the +10 executioner's axe "Demonspawn's Peril" (weapon) {flame, rElec Stlth+}
   (You acquired it on level 2 of the Orcish Mines)

   It has been specially enchanted to burn those struck by it, causing extra
   injury to most foes and up to half again as much damage against particularly
   susceptible opponents.
   Big, fiery blades are also staple armaments of hydra-hunters.
   It insulates you from electricity.
   It makes you more stealthy.
Missiles
 i - 18 curare-tipped darts
 B - 10 atropa-tipped darts
 I - 2 throwing nets
Armour
 e - a +2 pair of gloves of archery (worn)
 m - the +1 pair of boots of Ratamnan (worn) {+Inv rPois rC+ Stlth-}
   (You bought it in a shop on level 2 of the Orcish Mines)

   It protects you from cold.
   It protects you from poison.
   It lets you turn invisible.
   It makes you less stealthy.
 q - a +0 helmet (worn)
 s - a scarf of shadows (worn)
 t - the +8 chain mail of Hinkeum (worn) {rF++ rN++ Will+}
   (You bought it in a shop on level 3 of the Elven Halls)

   It greatly protects you from fire.
   It greatly protects you from negative energy.
   It increases your willpower.
Jewellery
 c - the ring "Wehun" {rF+ rC+ Will+ Str+3}
   (You found it in the Desolation of Salt)

   [ring of willpower]

   It affects your strength (+3).
   It protects you from fire.
   It protects you from cold.
   It increases your willpower.
 d - a ring of see invisible
 f - a ring of magical power
 n - the ring of Maemivim (right hand) {Drain +Blink rPois Will++ Int+6}
   (You found it in an ice cave)

   [ring of intelligence]

   It affects your intelligence (+6).
   It protects you from poison.
   It lets you blink.
   It drains your maximum health when unequipped.
   It greatly increases your willpower.
 r - the ring "Teinwaa" (left hand) {Fly Will+ rCorr Int+2 Stlth+}
   (You bought it in a shop on level 2 of the Orcish Mines)

   [ring of flight]

   It affects your intelligence (+2).
   It grants you flight.
   It protects you from acid and corrosion.
   It increases your willpower.
   It makes you more stealthy.
 y - a ring of protection from cold
 F - the amulet "Rojyas" (around neck) {Reflect rF+ Dex+4 SH+5}
   (You acquired it on level 5 of the Lair of Beasts)

   [amulet of reflection]

   It reflects blocked missile attacks.
   It affects your dexterity (+4).
   It protects you from fire.
   It affects your SH (+5).
Wands
 a - a wand of paralysis (19)
 A - a wand of iceblast (42)
 C - a wand of flame (56)
 E - a wand of acid (13)
 H - a wand of digging (15)
 J - a wand of mindburst (14)
 M - a wand of charming (16)
Scrolls
 b - 3 scrolls of magic mapping
 g - a scroll of silence
 j - a scroll of fog
 o - 2 scrolls of enchant armour
 u - 5 scrolls of fear
 v - 4 scrolls of teleportation
 x - 5 scrolls of immolation
 L - a scroll of summoning
 V - 2 scrolls of vulnerability
Potions
 h - 2 potions of curing
 k - 5 potions of might
 l - 5 potions of haste
 D - 4 potions of mutation
 O - a potion of berserk rage
 S - a potion of ambrosia
 T - 2 potions of attraction
 X - 2 potions of lignification
 Z - 2 potions of cancellation
Miscellaneous
 Q - a condenser vane
 W - a tin of tremorstones (2/2)
 Y - a box of beasts


   Skills:
 + Level 14.9 Fighting
 * Level 18.4 Axes
 + Level 13.7 Armour
 + Level 13.9 Dodging
 * Level 12.1 Evocations


You had 16 spell levels left.
You didn't know any spells.
Your spell library was empty.

Dungeon Overview and Level Annotations

Branches:
Dungeon (15/15)            Temple (0/1) D:7            Lair (6/6) D:11
  Swamp (0/4) Lair:3       Spider (0/4) Lair:4        Slime (0/5) Lair:6
    Orc (2/2) D:11            Elf (3/3) Orc:2        Vaults (0/5) D:14
 Depths (0/5) D:15          Sewer (visited)           IceCv (visited)
Desolation (visited)

Altars:
Elyvilon
Fedhas
Trog
Uskayaw
Xom
Jiyva

Shops:
D:6 *!   D:8 *   Orc:2 =[?!   Elf:3 [=(

Portals:
Pandemonium: Orc:2

Annotations:
D:6 2 transporters, p0werm0de's ghost, novice GrFi
Lair:4 exclusion: 6 oklob plants
Orc:1 2 runed translucent doors, exclusion: orange crystal statue
Elf:2 5 runed translucent doors


Innate Abilities, Weirdness & Mutations

You have razor-sharp toenails.
You are completely covered in thin metallic scales. (AC +4, rElec)
You sometimes emit foul miasma when damaged in melee.
A meltable shield of frost defends you. (SH +4)
You occasionally shout uncontrollably at your foes.


Message History

Okay, then.
You feel better.
The deep elf master archer shoots an arrow.
The arrow hits you.
* * * LOW HITPOINT WARNING * * *
The deep elf master archer shoots an arrow.
The arrow hits you but does no damage.
You feel better.
The deep elf elementalist enters a dispersal trap!
The earth elemental blinks! x2; The deep elf master archer blinks!
The earth elemental blinks! x3; The deep elf master archer blinks!
You blink.
The deep elf master archer shoots an arrow.
The arrow hits you!
* * * LOW HITPOINT WARNING * * *
The deep elf master archer shoots an arrow.
The arrow hits you but does no damage.
As you read the scroll of fog, it crumbles to dust.
The scroll dissolves into smoke.
You feel better.
You feel better.
A red film seems to cover your vision as you go berserk!
You feel yourself moving faster!
You feel mighty!
The deep elf master archer shoots an arrow.
The arrow hits you.
* * * LOW HITPOINT WARNING * * *
The deep elf master archer shoots an arrow.
The arrow hits you!
* * * LOW HITPOINT WARNING * * *
You feel a strong urge to attack something.
You hear rumbling.
The deep elf master archer shoots an arrow.
The arrow hits you but does no damage.
You completely miss the deep elf master archer.
The deep elf master archer is lightly wounded.
The deep elf master archer shoots an arrow.
The arrow hits you.
* * * LOW HITPOINT WARNING * * *
The deep elf master archer shoots an arrow.
The arrow hits you!!
You die...

....# #.#...≈.≈≈≈≈≈..## ....#
#.....≈≈≈.≈.≈...# ....#
#....≈≈≈≈≈.≈..#.# ....#
#..P.≈≈≈≈.≈..##.# ....#
#..≈≈P≈≈≈≈......# #<..#
#..≈≈≈≈≈≈≈....### ##..#
#§§≈≈≈≈..≈......) .##)##
###§§≈≈≈≈§.......## ..##.######
#§@§§≈≈≈≈≈≈.#....#
..#.......#####§§e§≈≈≈≈.≈..#e.###
..............§§§§§≈≈§≈≈...#...§e
..#.......####.#..≈≈e≈≈≈e§..#####
..####.#[######..P.≈≈≈≈E....#
.#####.#.).#......≈≈≈≈≈.....#
###.##....).#####.P≈≈P§..§..#
#..#.##......<....≈≈≈.......#
...##.#..[.....##.≈≈≈≈...####


You could see a deep elf master archer.

Vanquished Creatures
  Asterion (Elf:1)
  2 deep elf blademasters (Elf:3)
  A deep elf master archer (Elf:3)
  A sphinx (D:11)
  A deep elf sorcerer (Elf:3)
  4 imperial myrmidons (Desolation)
  2 deep elf elementalists (Elf:3)
  2 halazid warlocks (Desolation)
  2 deep elf demonologists
  4 deep elf annihilators (Elf:3)
  A dire elephant (Lair:6)
  The ghost of bmj180 the Eclecticist, a journeyman DECj of Vehumet (Orc:2)
  The ghost of Fuch the Fighter, a journeyman DsCj of Okawaru (Lair:5)
  3 deep elf death magi (Elf:3)
  A crystal guardian (Desolation)
  Josephine (D:15)
  7 ragged hierophants (Desolation)
  Erolcha (D:10)
  2 ice dragons (IceCv)
  An ogre mage (D:15)
  7 servants of whispers (Desolation)
  3 boulder beetles
  7 peacekeepers (Desolation)
  2 catoblepae
  10 two-headed ogres
  12 hydras
  12 dancing weapons
  4 centaur warriors
  9 death yaks
  6 tengu warriors
  A deep troll shaman (Lair:6)
  3 spriggan berserkers (Elf:3)
  7 orc high priests
  Sonja (Lair:4)
  10 deep elf knights
  A fire crab (Lair:6)
  A gelid demonspawn (Orc:2)
  An infernal demonspawn (Orc:2)
  Pikel (D:7)
  11 deep elf archers
  A necromancer (D:15)
  A lindwurm (Lair:6)
  16 deep elf zephyrmancers
  10 orc sorcerers
  2 ironbound convokers (Desolation)
  7 orc knights (Orc:2)
  25 deep elf pyromancers
  5 cyclopes
  10 elephants
  Maurice (D:10)
  20 ugly things
  6 guardian serpents
  A rust devil (Orc:2)
  A moth of wrath (Orc:2)
  2 naga magi (D:15)
  12 cane toads
  An orange demon (Orc:2)
  2 ice statues (IceCv)
  A black mamba (Lair:1)
  A molten gargoyle (Desolation)
  9 komodo dragons
  A kobold demonologist (D:12)
  2 freezing wraiths (D:15)
  2 ice devils (Orc:2)
  4 tengu conjurers
  4 rime drakes
  6 trolls
  59 saltlings
  3 polar bears
  5 dream sheep (Lair:4)
  8 slime creatures
  5 air elementals
  4 wraiths
  Sigmund (D:4)
  2 shadows
  A centaur simulacrum (D:15)
  A vampire (D:11)
  2 water elementals
  4 wyverns
  3 fire elementals
  36 yaks
  Eustachio (D:6)
  8 basilisks
  16 vampire mosquitoes
  4 wargs
  Menkaure (D:7)
  3 acid dragons
  12 water moccasins
  4 black bears
  44 orc warriors
  15 ice beasts
  A swamp drake (D:11)
  A necrophage (D:4)
  20 wolves
  8 ogres
  9 centaurs
  3 lemures (D:7)
  Blork the orc (D:6)
  7 bullfrogs
  A gnoll sergeant (D:11)
  2 kobold brigands
  4 scorpions
  A water moccasin zombie (D:4)
  2 earth elementals
  A water moccasin skeleton (D:4)
  4 killer bees (D:9)
  3 electric eels
  3 bullfrog zombies
  6 centaur zombies
  A howler monkey (D:9)
  4 hounds
  31 orc priests
  2 jellies
  2 gnoll shamans
  3 centaur skeletons
  Crazy Yiuf (D:6)
  An iguana (D:7)
  3 scorpion zombies (D:4)
  19 orc wizards
  2 hound zombies
  A hound skeleton (D:4)
  A howler monkey zombie (D:10)
  11 gnolls
  9 adders
  A river rat (Sewer)
  A white imp (D:8)
  2 adder zombies (D:4)
  4 adder skeletons
  3 worms
  2 dart slugs
  90 orcs
  7 endoplasms
  6 giant cockroaches
  5 goblins
  6 hobgoblins
  6 jackals
  3 quokkas
  8 ball pythons
  5 bats
  6 frilled lizards
  A jackal zombie (D:4)
  12 kobolds
  A quokka skeleton (D:4)
  7 rats
887 creatures vanquished.

Vanquished Creatures (collateral kills)
  2 hydras
  A deep elf pyromancer (D:13)
  An ugly thing (D:15)
4 creatures vanquished.

Vanquished Creatures (others)
  An orc wizard (D:9)
  A bush (D:5)
  39 fungi
  A pillar of salt (Desolation)
  69 plants
  8 withered plants
119 creatures vanquished.

Grand Total: 1010 creatures vanquished

Notes
Turn   | Place    | Note
-------+----------+-------------------------------------------
     0 | D:1      | Anon1729 the Demonspawn Berserker began the quest for the
                  | Orb.
     0 | D:1      | Reached XP level 1. HP: 18/18 MP: 1/1
   460 | D:1      | Gained mutation: You are partially covered in thin metallic
                  | scales. (AC +2) [demonic ancestry]
   460 | D:1      | Reached XP level 2. HP: 23/24 MP: 2/2
   804 | D:1      | Found a faded altar of an unknown god.
   854 | D:1      | Reached skill level 3 in Axes
   868 | D:1      | Reached ** piety under Trog
  1406 | D:2      | Reached XP level 3. HP: 16/29 MP: 3/3
  1650 | D:2      | Found a hide-covered altar of Uskayaw.
  2280 | D:3      | Gained mutation: You may rarely emit foul miasma when
                  | damaged in melee. [demonic ancestry]
  2280 | D:3      | Reached XP level 4. HP: 14/35 MP: 4/4
  2701 | D:3      | Noticed a water moccasin
  2711 | D:3      | Killed a water moccasin
  2712 | D:3      | Reached skill level 4 in Axes
  2712 | D:3      | Reached XP level 5. HP: 41/42 MP: 5/5
  3107 | D:4      | Noticed Sigmund
  3120 | D:4      | Killed Sigmund
  3121 | D:4      | Reached XP level 6. HP: 18/49 MP: 6/6
  3377 | D:4      | Reached *** piety under Trog
  3452 | D:4      | Reached skill level 5 in Axes
  3641 | D:4      | Gained mutation: You have sharp toenails. [demonic
                  | ancestry]
  3641 | D:4      | Reached XP level 7. HP: 25/55 MP: 7/7
  4023 | D:4      | Reached skill level 5 in Fighting
  4318 | D:4      | Reached skill level 6 in Axes
  4940 | D:5      | Entered Level 5 of the Dungeon
  5009 | D:5      | Found a glowing drain.
  5026 | D:5      | Reached **** piety under Trog
  5058 | Sewer    | Entered a sewer
  5209 | Sewer    | Gained mutation: You are mostly covered in thin metallic
                  | scales. (AC +3) [demonic ancestry]
  5209 | Sewer    | Reached XP level 8. HP: 49/63 MP: 8/8
  5890 | D:5      | Reached skill level 7 in Axes
  6252 | D:5      | Reached skill level 5 in Armour
  6493 | D:6      | Found a transporter.
  6505 | D:6      | Noticed p0werm0de's ghost (novice GrFi)
  6692 | D:6      | Found a transporter.
  6767 | D:6      | Noticed Blork the orc
  6783 | D:6      | Killed Blork the orc
  6920 | D:6      | Found Irim's Incredible Inventory.
  7041 | D:6      | Noticed Eustachio
  7067 | D:6      | Killed Eustachio
  7068 | D:6      | Reached skill level 8 in Axes
  7068 | D:6      | Reached XP level 9. HP: 56/71 MP: 9/9
  7244 | D:6      | Found Hatrengy's Distillery.
  7247 | D:6      | Bought a potion of degeneration for 14 gold pieces
  7247 | D:6      | Bought 2 potions of curing for 84 gold pieces
  7247 | D:6      | Bought a potion of heal wounds for 70 gold pieces
  7643 | D:6      | Found a runed translucent door.
  7644 | D:6      | Noticed Crazy Yiuf
  7891 | D:6      | Paralysed by Crazy Yiuf for 4 turns
  7896 | D:6      | Killed Crazy Yiuf
  8606 | D:7      | Found a staircase to the Ecumenical Temple.
  8629 | D:7      | Noticed Menkaure
  8640 | D:7      | Killed Menkaure
  8857 | D:7      | Noticed Pikel
  8875 | D:7      | Killed Pikel
  8876 | D:7      | Reached skill level 9 in Axes
  9296 | D:8      | Found Olompet's Mayhem Merchandise.
  9320 | D:8      | Noticed a two-headed ogre
  9328 | D:8      | Killed a two-headed ogre
  9329 | D:8      | Reached XP level 10. HP: 80/80 MP: 10/10
  9628 | D:8      | Reached skill level 10 in Axes
 10436 | D:8      | Identified the +1 robe of Tauviev {+Inv Fly Str-4 Int+6}
 10562 | D:9      | Found a blossoming altar of Fedhas.
 10708 | D:9      | Reached ***** piety under Trog
 11547 | D:9      | Reached skill level 11 in Axes
 12195 | D:9      | Identified the +3 leather armour of Space {Int+3}
 12228 | D:10     | Entered Level 10 of the Dungeon
 12295 | D:10     | Noticed a two-headed ogre
 12302 | D:10     | Killed a two-headed ogre
 12312 | D:10     | Reached XP level 11. HP: 63/89 MP: 11/11
 12700 | D:10     | Noticed a two-headed ogre
 12713 | D:10     | Killed a two-headed ogre
 12982 | D:10     | Noticed Maurice
 12990 | D:10     | Killed Maurice
 13510 | D:10     | Noticed Erolcha
 13525 | D:10     | Killed Erolcha
 13658 | D:10     | Noticed a two-headed ogre
 13664 | D:10     | Killed a two-headed ogre
 14284 | D:11     | Reached skill level 12 in Axes
 14450 | D:11     | Noticed a sphinx
 14452 | D:11     | Paralysed by a sphinx for 3 turns
 14467 | D:11     | Killed a sphinx
 14468 | D:11     | Reached skill level 10 in Fighting
 14570 | D:11     | Found a staircase to the Lair.
 14630 | D:11     | Found a gate leading to a gauntlet.
 15259 | D:11     | Found a staircase to the Orcish Mines.
 15468 | D:11     | Noticed a seven-headed hydra
 15475 | D:11     | Killed an eight-headed hydra
 15476 | D:11     | Gained mutation: You sometimes emit foul miasma when
                  | damaged in melee. [demonic ancestry]
 15476 | D:11     | Reached XP level 12. HP: 98/98 MP: 12/12
 16215 | D:12     | Reached skill level 13 in Axes
 16311 | D:12     | Noticed a tengu warrior
 16325 | D:12     | Killed a tengu warrior
 16664 | D:12     | Identified the +2 leather armour of Shadows and Fog {rC-
                  | Regen+ Int+5}
 17068 | D:12     | Noticed a tengu warrior
 17080 | D:12     | Killed a tengu warrior
 17398 | D:13     | Noticed a six-headed hydra
 17402 | D:13     | Killed a seven-headed hydra
 17491 | D:13     | Noticed a centaur warrior
 17520 | D:13     | Killed a centaur warrior
 17521 | D:13     | Reached skill level 10 in Armour
 17943 | D:13     | Noticed a centaur warrior
 17951 | D:13     | Killed a centaur warrior
 17956 | D:13     | Noticed an eight-headed hydra
 17966 | D:13     | Killed an eight-headed hydra
 18280 | D:13     | Noticed a boulder beetle
 18292 | D:13     | Killed a boulder beetle
 18293 | D:13     | Reached skill level 14 in Axes
 18412 | D:13     | You fall into a shaft and drop 2 floors!
 18412 | D:15     | Entered Level 15 of the Dungeon
 18455 | D:15     | Noticed a catoblepas
 18486 | D:15     | Killed a catoblepas
 18497 | D:14     | Noticed a six-headed hydra
 18505 | D:15     | Gained mutation: You have razor-sharp toenails. [demonic
                  | ancestry]
 18505 | D:15     | Reached XP level 13. HP: 49/106 MP: 13/13
 18757 | D:15     | Noticed Josephine
 18770 | D:15     | Killed Josephine
 18801 | D:14     | Found a shimmering altar of Xom.
 18803 | D:14     | Found a shimmering altar of Xom.
 18804 | D:14     | Found a shimmering altar of Xom.
 18805 | D:14     | Found a shimmering altar of Xom.
 18805 | D:14     | Found a shimmering altar of Xom.
 21523 | D:14     | Found a gate to the Vaults.
 21618 | D:14     | Identified a scroll of acquirement
 21618 | D:14     | Acquired a manual of Dodging
 21704 | D:14     | Reached skill level 15 in Axes
 23025 | D:15     | Reached skill level 5 in Dodging
 23367 | D:15     | Reached XP level 14. HP: 116/116 MP: 14/14
 24747 | D:15     | Found a staircase to the Depths.
 24806 | D:15     | Found the +2 cloak of the Thief {*Fog Slay-2 SInv Stlth+}
 25061 | Lair:1   | Entered Level 1 of the Lair of Beasts
 28903 | Lair:3   | Found a staircase to the Swamp.
 29222 | Lair:4   | Found a hole to the Spider Nest.
 29257 | Lair:4   | Reached skill level 16 in Axes
 29451 | Lair:4   | Noticed Sonja
 29466 | Lair:4   | Killed Sonja
 30415 | Lair:4   | Reached skill level 10 in Dodging
 30893 | Lair:5   | Found a runed translucent door.
 30893 | Lair:5   | Noticed Fuch's ghost (journeyman DsCj)
 31163 | Lair:5   | Gained mutation: You are completely covered in thin
                  | metallic scales. (AC +4, rElec) [demonic ancestry]
 31163 | Lair:5   | Reached XP level 15. HP: 123/123 MP: 15/15
 31816 | Lair:5   | Acquired the amulet "Rojyas" {Reflect rF+ Dex+4 SH+5}
 32038 | Lair:5   | Killed Fuch's ghost
 32101 | Lair:6   | Entered Level 6 of the Lair of Beasts
 32288 | Lair:6   | Found a viscous altar of Jiyva.
 32288 | Lair:6   | Found a staircase to the Slime Pits.
 33551 | Orc:1    | Entered Level 1 of the Orcish Mines
 33624 | Orc:1    | Found a runed translucent door.
 33684 | Orc:1    | Found a runed translucent door.
 33690 | Orc:1    | Found the +10 tower shield of Ignorance {rN+ Int-4}
 34117 | Orc:2    | Entered Level 2 of the Orcish Mines
 34121 | Orc:2    | Received a gift from Trog
 34312 | Orc:2    | Found a staircase to the Elven Halls.
 34322 | Orc:2    | Found a transporter.
 34326 | Orc:2    | Noticed bmj180's ghost (journeyman DECj)
 34337 | Orc:2    | Found a transporter.
 34354 | Orc:2    | Found a frozen archway.
 34501 | IceCv    | Entered an ice cave
 35081 | IceCv    | Identified the ring of Maemivim {Drain +Blink rPois Will++
                  | Int+6}
 35657 | Orc:2    | Found Yskyt's Magic Scroll Emporium.
 35693 | Orc:2    | Received a gift from Trog
 35816 | Orc:2    | Found Ocomai Ucaa's Distillery.
 35921 | Orc:2    | Bought a scroll of acquirement for 624 gold pieces
 35921 | Orc:2    | Acquired the +10 executioner's axe "Demonspawn's Peril"
                  | {flame, rElec Stlth+}
 35931 | Orc:2    | Bought a potion of attraction for 42 gold pieces
 35931 | Orc:2    | Bought a potion of cancellation for 112 gold pieces
 35931 | Orc:2    | Bought a potion of lignification for 42 gold pieces
 35931 | Orc:2    | Bought a potion of mutation for 112 gold pieces
 35931 | Orc:2    | Bought a potion of magic for 112 gold pieces
 36038 | Orc:2    | Reached ****** piety under Trog
 36389 | Orc:2    | Reached skill level 17 in Axes
 36391 | Orc:2    | Received a gift from Trog
 36594 | Orc:2    | Found Wegesh's Antique Armour Shop.
 36594 | Orc:2    | Found Giss's Jewellery Boutique.
 36595 | Orc:2    | Found a one-way gate leading to the halls of Pandemonium.
 36597 | Orc:2    | Bought a pair of translucent boots for 275 gold pieces
 36597 | Orc:2    | Identified the +1 pair of boots of Ratamnan {+Inv rPois rC+
                  | Stlth-} (You bought it in a shop on level 2 of the Orcish
                  | Mines)
 36610 | Orc:2    | Bought the ring "Teinwaa" {Fly Will+ rCorr Int+2 Stlth+}
                  | for 427 gold pieces
 37322 | Orc:2    | Reached skill level 1 in Evocations
 37332 | Orc:2    | Killed bmj180's ghost
 37333 | Orc:2    | Gained mutation: A meltable shield of frost defends you.
                  | (SH +4) [demonic ancestry]
 37333 | Orc:2    | Reached XP level 16. HP: 132/132 MP: 16/16
 37455 | Orc:2    | Found a bloodstained altar of Trog.
 37573 | Orc:2    | Bought a scroll of silence for 90 gold pieces
 37573 | Orc:2    | Bought a scroll of enchant armour for 90 gold pieces
 37573 | Orc:2    | Bought a scroll of blinking for 90 gold pieces
 37573 | Orc:2    | Bought a scroll of teleportation for 36 gold pieces
 37573 | Orc:2    | Bought a scroll of identify for 24 gold pieces
 37574 | Orc:2    | Bought a scroll of identify for 24 gold pieces
 37626 | Elf:1    | Entered Level 1 of the Elven Halls
 37827 | Elf:1    | Found a ruined gateway.
 37890 | Desolati | Entered the Desolation of Salt
 38158 | Desolati | Identified the +10 mace "Illeoc" {vorpal, *Noise *Corrode
                  | Will++ Int+8}
 38159 | Desolati | Identified the Papyrus of Floating Venom
 38244 | Desolati | Received a gift from Trog
 38553 | Desolati | Reached skill level 5 in Evocations
 39277 | Desolati | Identified the ring "Wehun" {rF+ rC+ Will+ Str+3}
 39280 | Desolati | Identified the +1 short sword "Worm's Wrath" {freeze, rPois
                  | Will+ Int-4}
 39353 | Desolati | Identified the +8 shortbow of Due Proportion {venom, rN++
                  | Int-4}
 39453 | Desolati | Received a gift from Trog
 40053 | Desolati | Identified the +2 cloak of Yfacyng {rPois Dex-3 Stlth+}
 40134 | Elf:1    | Reached XP level 17. HP: 120/140 MP: 17/17
 40517 | Elf:1    | Noticed Asterion
 40534 | Elf:1    | Killed Asterion
 41325 | Elf:1    | Reached skill level 18 in Axes
 41494 | Elf:2    | Received a gift from Trog
 41506 | Elf:2    | Reached skill level 10 in Evocations
 42018 | Elf:2    | Found a huge runed translucent gate.
 42019 | Elf:2    | Found a huge runed translucent gate.
 42019 | Elf:2    | Found a huge runed translucent gate.
 42020 | Elf:2    | Found a huge runed translucent gate.
 42020 | Elf:2    | Found a huge runed translucent gate.
 42365 | Elf:3    | Entered Level 3 of the Elven Halls
 42742 | Elf:3    | Found Huedgh's Jewellery Shoppe.
 42742 | Elf:3    | Found Xuxyuriv's Antique Armour Emporium.
 42809 | Elf:3    | Bought a warped chain mail for 294 gold pieces
 42809 | Elf:3    | Identified the +8 chain mail of Hinkeum {rF++ rN++ Will+}
                  | (You bought it in a shop on level 3 of the Elven Halls)
 43854 | Elf:3    | Found a bloodstained altar of Trog.
 43933 | Elf:3    | Found Tuottaemmi's Antique Weapon Boutique.
 43985 | Elf:3    | Noticed a deep elf blademaster
 43990 | Elf:3    | Noticed a deep elf master archer
 43990 | Elf:3    | Noticed a deep elf master archer
 44495 | Elf:3    | Noticed a deep elf blademaster
 44495 | Elf:3    | Identified the +9 short sword "Daluwnergha" {freeze, +Blink
                  | rC+ Int+2}
 44502 | Elf:3    | Killed a deep elf blademaster
 44524 | Elf:3    | Received a gift from Trog
 44527 | Elf:3    | HP: 3/140 [deep elf blademaster/+0 rapier (12)]
 45003 | Elf:3    | Killed a deep elf blademaster
 45006 | Elf:3    | Identified the +12 mace of Growth {freeze, rElec rPois rF++
                  | Str-2}
 45011 | Elf:3    | Killed a deep elf master archer
 45011 | Elf:3    | Noticed a Hell Sentinel
 45232 | Elf:3    | Gained mutation: You occasionally shout uncontrollably at
                  | your foes. [a cacodemon]
 45316 | Elf:3    | HP: 4/140 [deep elf master archer/arrow (25)]
 45324 | Elf:3    | Shot with an arrow by a deep elf master archer

Illustrated notes

Levels and vault maps discovered:
D:1:      lemuel_arrival_lava_pool, layout_loops_ring,
          hellmonk_ecumenical_altar_zigzags, minmay_lizard_pond
D:2:      layout_basic, basic_altar, minmay_misc_feat_ornament
D:3:      layout_basic
D:4:      layout_gridville, serial_undead, serial_undead_d, serial_undead_b,
          serial_undead_f, serial_undead_b, serial_undead_f, serial_undead_c,
          minmay_misc_feat_alley, uniq_sigmund
D:5:      layout_rooms, cheibrodos_sewer_entry_drain, kb_lookout_dungeons_type
D:6:      black_bear_nest_2, layout_rooms, serial_shops,
          nicolae_shop_behind_doors, gammafunk_ghost_stat_death,
          minmay_misc_feat_rows, nicolae_alphabet_shops, supply_closet_lemuel,
          uniq_eustachio, uniq_blork_the_orc, uniq_crazy_yiuf_cottage
D:7:      layout_basic, minmay_temple_entry_slanted, uniq_menkaure, uniq_pikel
D:8:      layout_rooms, minmay_shop_mayhem
D:9:      layout_layer_cave, nicolae_overflow_crystal_walls,
          corexii_leaking_fountain
D:10:     layout_loops_ring, lightli_minifort, uniq_erolcha, uniq_maurice
D:11:     layout_irregular_city, grunt_lair_entry_orc_guard_hut, erik_orc_1,
          gauntlet_entry_generic, minmay_three_doors
D:12:     layout_irregular_city
D:13:     layout_loops_cross
D:14:     layout_cave_pods, erik_vaults_1, grunt_decor_fettered, xom_redecorated
D:15:     grunt_enter_depths_magical_seal, layout_irregular_city, uniq_josephine
Lair:1:   layout_cave_pods, basic_altar, chequers_serial_rivers_small_b,
          minivault_11, st_stairs_10, grunt_megastairs_2
Lair:2:   layout_chaotic_city, serial_bayou_shore_b, grunt_megastairs_3
Lair:3:   layout_chaotic_city, swamp_mist_pool, st_stairs_11
Lair:4:   minmay_lair_oklob_tunnel, layout_small_grid,
          spider_nest_entry_web_field, dpeg_oklob_1, minmay_lair_oklob_chamber,
          uniq_sonja
Lair:5:   layout_regular_city, hellmonk_ghost_happy_afterlife,
          infiniplex_staircase_pool_2
Lair:6:   grunt_lair_end_beastmaster, layout_loops_ring,
          dpeg_slime_entry_enclosed_altar, eino_small_chamber_without_monster
Orc:1:    layout_diamond_mine, chequers_guarded_unrand_ignorance
Orc:2:    pf_orc_diabolical, layout_diamond_mine,
          gammafunk_ghost_wrathful_warriors, portal_ice_cave_demonic_guard
Elf:1:    minmay_elf_arrival_circle, layout_geoelf_diagonals,
          portal_desolation_entry_nicolae_nacl, minmay_elf_crystal_hexagon,
          st_stairs_11, uniq_asterion
Elf:2:    layout_gridlike, lemuel_upstairs_altar
Elf:3:    grunt_elf_hall_asides, layout_rooms, serial_shops, shop,
          chequers_big_river, evilmike_spriggan_trog_shrine, minmay_shoptagon

Skill      XL: |  1  2  3  4  5  6  7  8  9 10 11 12 13 14 15 16 17 |
---------------+----------------------------------------------------+-----
Dodging        | 2 5 10 12 13 | 13.9
Armour         | 2 3 4 5 6 8 9 10 11 12 13 | 13.7
Axes           | 3 4 5 6 8 9 11 12 14 15 16 17 18 | 18.4
Fighting       | 4 5 6 8 9 10 11 12 13 14 | 14.9
Evocations     | 1 8 12 | 12.1

Action                   |  1- 3 |  4- 6 |  7- 9 | 10-12 | 13-15 | 16-18 || total
-------------------------+-------+-------+-------+-------+-------+-------++-------
Melee: Hand axe          |   113 |    93 |   419 |       |       |       ||   625
       Kick              |       |       |    22 |       |       |       ||    22
       War axe           |       |       |   118 |   418 |       |       ||   536
       Broad axe         |       |       |       |   116 |       |       ||   116
       Battleaxe         |       |       |       |    90 |  1018 |       ||  1108
       Executioner's axe |       |       |       |       |   121 |   526 ||   647
Invok: Berserk           |     2 |     2 |    10 |    23 |    36 |    14 ||    87
       Trog's Hand       |       |       |       |     3 |     2 |     1 ||     6
       Brothers in Arms  |       |       |       |     5 |       |       ||     5
Evoke: Wand              |       |       |       |     1 |       |       ||     1
       Box of beasts     |       |       |       |       |     1 |       ||     1
  Use: Scroll            |       |       |       |    11 |    12 |    15 ||    38
       Potion            |       |       |       |     2 |     5 |    10 ||    17
 Stab: Petrifying        |       |       |       |     4 |       |       ||     4
       Petrified         |       |       |       |     2 |       |       ||     2
Armor: Animal skin       |    17 |       |       |       |       |       ||    17
       Scale mail        |    35 |    58 |   136 |       |       |       ||   229
       Acid dragon scale |       |       |   160 |   400 |   533 |       ||  1093
       Plate armour      |       |       |       |       |    76 |   271 ||   347
       Chain mail        |       |       |       |       |    47 |    74 ||   121
Dodge: Dodged            |    67 |    64 |   347 |   388 |   859 |   302 ||  2027
Block: Other             |       |       |       |       |   101 |   207 ||   308
       Reflection        |       |       |       |       |     2 |    14 ||    16

Table legend: (Time is in decaauts)
 A = Elapsed time spent in this place.
 B = Non-inter-level travel time spent in this place.
 C = Inter-level travel time spent in this place.
 D = Time resting spent in this place.
 E = Time spent auto-exploring this place.
 F = Levels seen in this place.
 G = Mean time per level.
                   A        B        C        D        E       F      G
               +--------+--------+--------+--------+--------+-----+--------+
         Total |  46150 |  44653 |   1497 |   9415 |  28605 |  29 | 1591.4 |
       Dungeon |  25167 |  24413 |    754 |   5590 |  15562 |  15 | 1677.8 |
          Lair |   8528 |   8303 |    225 |    843 |   6649 |   6 | 1421.3 |
  Orcish Mines |   3539 |   3136 |    403 |    267 |   2096 |   2 | 1769.5 |
   Elven Halls |   5446 |   5333 |    113 |   1755 |   2696 |   3 | 1815.3 |
         Sewer |    522 |    522 |      0 |    106 |    236 |   1 |  522.0 |
      Ice Cave |    701 |    701 |      0 |    155 |    280 |   1 |  701.0 |
    Desolation |   2246 |   2246 |      0 |    698 |   1085 |   1 | 2246.0 |
               +--------+--------+--------+--------+--------+-----+--------+

Top non-repeatable levels by time:
    D:14: 3257 daAuts
   Orc:2: 2624 daAuts
    D:15: 2598 daAuts
Desolation: 2246 daAuts
   Elf:3: 2104 daAuts
    D:10: 2050 daAuts
     D:7: 1898 daAuts
  Lair:4: 1859 daAuts
    D:13: 1817 daAuts
    D:11: 1761 daAuts
    D:12: 1728 daAuts
   Elf:2: 1718 daAuts
     D:9: 1702 daAuts
   Elf:1: 1623 daAuts
     D:4: 1608 daAuts
